 Dungeon Crawl Stone Soup version 0.20-a0-2-g2b0e13a (webtiles) character file.

1632 dobroeutro the Ducker (level 8, 0/64 HPs)
             Began as a Demonspawn Gladiator on Oct 29, 2016.
             Slain by an ogre
             ... wielding a +0 giant club
              (5 damage)
             ... in the Ecumenical Temple.
             The game lasted 00:07:06 (4967 turns).

dobroeutro the Ducker (Demonspawn Gladiator)        Turns: 4967, Time: 00:07:06

Health: 0/64       AC: 13    Str: 17    XL:     8   Next: 66%
Magic:  8/8        EV: 13    Int:  9    God:
Gold:   227        SH:  0    Dex: 15    Spells: 0 memorised, 7 levels left

rFire  . . .     SeeInvis .     o - +4 quarterstaff (chaos)
rCold  . . .     Gourm    .     n - +0 scale mail
rNeg   . . .     Faith    .     (shield currently unavailable)
rPois  +         Spirit   .     c - +0 helmet
rElec  .         Reflect  .     p - +2 cloak
rCorr  .         Harm     .     (no gloves)
MR     .....                    (no boots)
Stlth  ..........               (no amulet)
                                (no ring)
                                A - ring of poison resistance

@: drained
A: hooves 2, slimy green scales 1
a: no special abilities


You were in the Ecumenical Temple.
You were not hungry.

You visited 2 branches of the dungeon, and saw 7 of its levels.

You collected 227 gold pieces.

Inventory:

Hand Weapons
 a - a +0 quarterstaff
 o - a +4 quarterstaff of chaos (weapon)
Missiles
 d - 3 throwing nets (quivered)
Armour
 c - a +0 helmet (worn)
 n - a +0 scale mail (worn)
 p - a +2 cloak (worn)
Jewellery
 A - a ring of poison resistance (left hand)
Scrolls
 b - 2 scrolls of amnesia {unknown}
 e - 10 scrolls of identify {unknown}
 i - a scroll of immolation {unknown}
 j - 2 scrolls of enchant weapon {unknown}
 l - 5 scrolls of remove curse {unknown}
 u - a scroll of fog {unknown}
 w - a scroll of enchant armour {unknown}
 x - 4 scrolls of teleportation {unknown}
 y - a scroll of random uselessness {unknown}
 C - a scroll of summoning {unknown}
 E - a scroll of magic mapping {unknown}
Potions
 h - 6 potions of curing
 k - a potion of cancellation {unknown}
 m - 2 potions of might {unknown}
 q - 2 potions of brilliance {unknown}
 s - 2 potions of heal wounds {unknown}
 z - 2 potions of flight {unknown}
 B - 2 potions of berserk rage {unknown}
 D - a potion of degeneration {unknown}
 F - a potion of haste {unknown}
 G - a potion of lignification {unknown}
Comestibles
 f - 6 bread rations
 g - 2 beef jerkies
 r - 2 slices of pizza
 t - 4 meat rations
 v - a royal jelly


   Skills:
 + Level 5.6(5.4) Fighting
 + Level 5.6(5.3) Staves
 - Level 1.7(1.5) Throwing
 + Level 4.8(4.5) Armour
 + Level 5.9(5.7) Dodging


You had 7 spell levels left.
You didn't know any spells.

Dungeon Overview and Level Annotations

Branches:
Dungeon (6/15)             Temple (1/1) D:6

Altars:
Ashenzari
Cheibriados
Elyvilon
Fedhas
Gozag
Hepliaklqana
Kikubaaqudgha
Makhleb
Nemelex Xobeh
Qazlal
Ru
Trog
The Shining One


Innate Abilities, Weirdness & Mutations

You have hoof-like feet.
You are partially covered in slimy green scales. (AC +2)


Message History

* * * LOW HITPOINT WARNING * * *
The wight completely misses you. The ogre barely misses you.
The ogre barely misses you.
Found a staircase to the Ecumenical Temple.
The ogre barely misses you. The ogre completely misses you.
The ogre rages.
The ogre closely misses you.
There is a staircase to the Ecumenical Temple here.
The ogre barely misses you.
You climb downwards.
Welcome to the Ecumenical Temple!
Found two altars.
There is a staircase back to the Dungeon here.
The ogre hits you with a giant club!
* * * LOW HITPOINT WARNING * * *
Found an ancient bone altar of Kikubaaqudgha.
Found a hazy altar of Hepliaklqana.
The ogre is no longer berserk.
The ogre hits you with a giant club.
You die...

...............
................
.................
....._........._..
...................
..................§§
...................≈
._..........@_..§§
...........O....§§
................§≈§
...............≈≈§§≈
≈.............≈§≈≈§§
≈≈.....<.....§≈≈≈§≈≈
≈≈§.........≈§§§≈≈≈≈
≈§≈≈.......≈≈≈§≈≈≈≈≈
≈≈§≈≈.....≈≈§≈≈§≈≈≈


You could see an ogre.

Vanquished Creatures
  The ghost of dobroeutro the Twirler, an amateur DsGl (D:3)
  Edmund (D:6)
  A water moccasin (D:6)
  2 eyes of draining (D:4)
  An ogre (D:4)
  A big kobold (D:6)
  A howler monkey (D:5)
  3 crimson imps (D:6)
  3 orc priests
  A centaur skeleton (D:6)
  Crazy Yiuf (D:2)
  Jessica (D:3)
  3 worker ants
  3 iguanas
  8 orc wizards
  A worker ant zombie (D:5)
  8 adders
  3 shadow imps
  2 oozes
  An adder zombie (D:6)
  2 worms (D:4)
  4 dart slugs
  6 leopard geckos
  20 orcs
  5 bats
  3 giant cockroaches
  7 goblins
  9 hobgoblins
  15 jackals
  14 kobolds
  A quokka (D:3)
  A ball python (D:6)
  6 frilled lizards
  11 rats
150 creatures vanquished.

Vanquished Creatures (others)
  An orc wizard (D:4)
1 creature vanquished.

Grand Total: 151 creatures vanquished

Notes
Turn   | Place    | Note
-------+----------+-------------------------------------------
     0 | D:1      | dobroeutro the Demonspawn Gladiator began the quest for the Orb.
     0 | D:1      | Reached XP level 1. HP: 16/16 MP: 1/1
   325 | D:1      | Gained mutation: You are partially covered in slimy green scales. (AC +2) [demonic ancestry]
   325 | D:1      | Reached XP level 2. HP: 15/22 MP: 2/2
   527 | D:1      | Reached skill level 1 in Armour
   699 | D:1      | Reached XP level 3. HP: 16/27 MP: 3/3
  1023 | D:2      | Found a sacrificial altar of Ru.
  1269 | D:2      | Found a shattered altar of Ashenzari.
  1422 | D:2      | Found a runed door.
  1673 | D:2      | Reached XP level 4. HP: 34/34 MP: 4/4
  1774 | D:2      | Noticed Crazy Yiuf
  1787 | D:2      | Killed Crazy Yiuf
  2002 | D:3      | Noticed dobroeutro's ghost (amateur DsGl)
  2030 | D:2      | Reached XP level 5. HP: 10/41 MP: 5/5
  2475 | D:3      | Killed dobroeutro's ghost
  2475 | D:3      | Gained mutation: You have large cloven feet. [demonic ancestry]
  2475 | D:3      | Reached XP level 6. HP: 39/47 MP: 6/6
  2514 | D:3      | Noticed Jessica
  2524 | D:3      | Killed Jessica
  2866 | D:3      | Found a faded altar of an unknown god.
  2866 | D:3      | Found a faded altar of an unknown god.
  2871 | D:3      | Found a faded altar of an unknown god.
  2886 | D:3      | Found a stormy altar of Qazlal.
  2887 | D:3      | Found a faded altar of an unknown god.
  2943 | D:3      | Found a sparkling altar of Nemelex Xobeh.
  2944 | D:3      | Found an opulent altar of Gozag.
  3076 | D:4      | Found a bloodstained altar of Trog.
  3109 | D:4      | Reached XP level 7. HP: 51/53 MP: 7/7
  3272 | D:4      | Found a burning altar of Makhleb.
  3279 | D:4      | Found a snail-covered altar of Cheibriados.
  3280 | D:4      | Found a blossoming altar of Fedhas.
  3446 | D:4      | Reached skill level 5 in Dodging
  3795 | D:5      | Entered Level 5 of the Dungeon
  3970 | D:5      | Gained mutation: You have hoof-like feet. [demonic ancestry]
  3970 | D:5      | Reached XP level 8. HP: 57/61 MP: 8/8
  4190 | D:5      | Reached skill level 5 in Staves
  4360 | D:5      | Reached skill level 5 in Fighting
  4560 | D:6      | Noticed Edmund
  4577 | D:6      | Killed Edmund
  4953 | D:6      | Found a staircase to the Ecumenical Temple.
  4962 | Temple   | Entered the Ecumenical Temple
  4967 | Temple   | Slain by an ogre

Vault maps used:
D:1:      lemuel_arrival_broad_hall
D:2:      nicolae_ru_awakened_eye, nicolae_ashenzari_panopticon, first_bread,
          uniq_crazy_yiuf_cottage
D:3:      grunt_temple_overflow_opulence, chequers_temple_overflow_minitemple,
          kennysheep_another_room, uniq_jessica
D:4:      trog_eyes_of_draining, grunt_temple_overflow_open, serial_glass,
          glass_columns_a, glass_columns_b
D:5:      kennysheep_cross_bottleneck
D:6:      st_stairs_6, hangedman_minor_gate_pass, uniq_edmund
Temple:   compressed_dpeg_triangle_lava_temple

Skill      XL: |  1  2  3  4  5  6  7  8 |
---------------+-------------------------+-----
Dodging        | 3 4 5 |  5.9
Armour         | 1 2 3 4 |  4.8
Staves         | 3 4 5 |  5.6
Fighting       | 3 4 5 |  5.6
Throwing       | |  1.7

Action                   |  1- 3 |  4- 6 |  7- 9 || total
-------------------------+-------+-------+-------++-------
Melee: Quarterstaff      |   122 |   125 |   191 ||   438
       Kick              |       |    17 |    53 ||    70
 Stab: Confused          |       |     1 |     1 ||     2
       Distracted        |       |     1 |       ||     1
       Paralysed         |       |       |     4 ||     4
       Petrifying        |       |       |     1 ||     1
  Eat: Chunk             |     2 |     4 |     7 ||    13
Armor: Leather armour    |    33 |       |       ||    33
       Scale mail        |       |    57 |    82 ||   139
Dodge: Dodged            |   101 |    83 |   127 ||   311
